 Dungeon Crawl Stone Soup version 0.30-a0-989-g0d87f670db (webtiles) character file.

Game seed: 6183534116225500395

143 retardedninja the Trooper (level 5, -1/50 HPs)
             Began as a Naga Fighter on Apr 3, 2023.
             Slain by a sleepcap (4 damage)
             ... on level 4 of the Dungeon.
             The game lasted 00:03:18 (2976 turns).

retardedninja the Trooper (Naga Fighter)            Turns: 2976, Time: 00:03:19

Health: -1/50      AC:  5    Str: 20    XL:     5   Next: 25%
Magic:  5/5        EV:  7    Int:  8    God:
Gold:   96         SH:  4    Dex: 11    Spells: 4/4 levels left

rFire   . . .      SeeInvis +    a - +0 war axe
rCold   . . .      Faith    .    c - +0 buckler
rNeg    . . .      Spirit   .    b - +0 scale mail
rPois   +          Reflect  .    (no helmet)
rElec   .          Rampage  .    (no cloak)
rCorr   .                        (no gloves)
Will    .....                    (no barding) Stlth
                                 (no amulet)
HPRegen 0.28/turn                (no ring)
MPRegen 0.09/turn                (no ring)

@: very slow
A: AC +1, large, see invisible, deformed body, poison resistance, slowness 2,
spit poison 1, naga tail 1
a: Spit Poison


You were on level 4 of the Dungeon.
You visited 1 branch of the dungeon, and saw 4 of its levels.

You collected 96 gold pieces.

Inventory:

Hand Weapons
 a - a +0 war axe (weapon)
Missiles
 n - a throwing net
Armour
 b - a +0 scale mail (worn)
 c - a +0 buckler (worn)
 j - a +0 pair of gloves
Jewellery
 g - a ring of ice
Wands
 m - a wand of quicksilver (8)
Scrolls
 h - a scroll of enchant armour {unknown}
 i - a scroll of summoning {unknown}
 q - a scroll of noise {unknown}
 s - a scroll of poison {unknown}
Potions
 d - a potion of might
 k - a potion of magic
 l - a potion of flight
 p - a potion of heal wounds {unknown}
 r - a potion of brilliance {unknown}
 t - 2 potions of invisibility


   Skills:
 + Level 3.6 Fighting
 * Level 3.6 Axes
 + Level 3.0 Armour
 + Level 3.3 Shields


You had 4 spell levels left.
You didn't know any spells.
Your spell library contained the following spells:

 Spells                   Type           Power      Damage    Failure   Level
 Dazzling Flash           Conj/Hex       0%         N/A       99%         3
 Iskenderun's Mystic Bla  Conj/Tloc      0%         2d3       100%        4
 Starburst                Conj/Fire      0%         6d3       100%        6


Dungeon Overview and Level Annotations

Branches:
Dungeon (4/15)
 Temple: D:4-7

Altars:
Ru
The Shining One


Innate Abilities, Weirdness & Mutations

Your serpentine skin is tough. (AC +1)
You have supernaturally acute eyesight. (SInv)
Armour fits poorly on your strangely shaped body.
Your system is resistant to poisons. (rPois)
You cover ground very slowly.
You can spit poison.
You have a snake-like lower body.


Message History

You are engulfed in a cloud of soporific spores!
You are unaffected.
You hit the sleepcap.
The sleepcap is heavily damaged.
You hit the iguana but do no damage. The iguana bites you.
The sleepcap releases spores at you but does no damage.
You hit the sleepcap.
The sleepcap is severely damaged.
You barely miss the iguana. The iguana bites you!
The sleepcap releases spores at you but does no damage.
You hit the sleepcap.
The sleepcap is severely damaged.
You barely miss the iguana. The iguana bites you!
* * * LOW HITPOINT WARNING * * *
The sleepcap releases spores at you.
* * * LOW HITPOINT WARNING * * *
You are engulfed in a cloud of soporific spores!
You are unaffected.
You block the iguana's attack. The sleepcap releases spores at you.
* * * LOW HITPOINT WARNING * * *
You are engulfed in a cloud of soporific spores!
You are unaffected.
You feel better.
The iguana bites you but does no damage.
The sleepcap releases spores at you!
* * * LOW HITPOINT WARNING * * *
You feel better. The iguana barely misses you. You block the sleepcap's attack.
You hit the sleepcap but do no damage.
The sleepcap is severely damaged.
You barely miss the iguana. The iguana bites you!
* * * LOW HITPOINT WARNING * * *
The sleepcap barely misses you.
Aiming: Quicksilver Bolt
Press: ? - help, Q - select action, (/) - cycle Shift-Dir - straight line, f - sleepcap
Aim: a sleepcap (severely damaged, 100% to hit)
The bolt of dispelling energy hits the sleepcap.
The sleepcap is almost destroyed.
The iguana hisses menacingly.
You block the iguana's attack. The sleepcap releases spores at you.
You die...

...............#
...............#........
..<............#.......$
........................
..............#.........
............>##........#
.....##......##.......#
.............##..l....#
.......)........@f....#
.............##.......#
.............##.......#
..........#####.......#
.........## #.......#
.........# #########
###......# #......#


You could see a sleepcap and an iguana.

Vanquished Creatures
  Jessica (D:2)
  2 orc wizards (D:3)
  2 worms
  3 orcs (D:3)
  10 endoplasms
  4 giant cockroaches
  4 goblins
  6 hobgoblins
  2 quokkas
  4 ball pythons
  4 bats
  4 frilled lizards
  4 kobolds
  8 rats
58 creatures vanquished.

Notes
Turn   | Place    | Note
-------+----------+-------------------------------------------
     0 | D:1      | retardedninja the Naga Fighter began the quest for the Orb.
     0 | D:1      | Reached XP level 1. HP: 21/21 MP: 1/1
   295 | D:1      | Reached XP level 2. HP: 28/28 MP: 2/2
   886 | D:2      | Reached XP level 3. HP: 34/34 MP: 3/3
  1022 | D:2      | Found a sacrificial altar of Ru.
  1489 | D:2      | Noticed Jessica
  1495 | D:2      | Killed Jessica
  1496 | D:2      | Reached XP level 4. HP: 12/42 MP: 4/4
  2239 | D:3      | Found a glowing golden altar of the Shining One.
  2301 | D:3      | Reached XP level 5. HP: 45/49 MP: 5/5
  2973 | D:4      | HP: 2/50 [sleepcap (7)]
  2976 | D:4      | Slain by a sleepcap

Illustrated notes

Levels and vault maps discovered:
D:1:      onia_arrival_handbag, layout_basic
D:2:      layout_loops_corners, basic_altar, uniq_jessica
D:3:      layout_loops_corners, lemuel_crystal_altar
D:4:      layout_rooms, temple_pool_b, kennysheep_dice

Skill      XL: |  1  2  3  4 |
---------------+-------------+-----
Axes           | 3 |  3.6
Shields        | 3 |  3.3
Armour         | 3 |  3.0
Fighting       | |  3.6

Action                     |  1- 3 |  4- 6 || total
---------------------------+-------+-------++-------
  Melee: War axe           |    69 |    77 ||   146
Ability: Spit Poison       |       |     3 ||     3
  Evoke: Wand              |       |     5 ||     5
    Use: Potion            |     1 |     2 ||     3
         Scroll            |       |     5 ||     5
 Armour: Scale mail        |    26 |    31 ||    57
  Dodge: Dodged            |    28 |    32 ||    60
  Block: Buckler           |    19 |    20 ||    39

Table legend: (Time is in decaauts)
 A = Elapsed time spent in this place.
 B = Non-inter-level travel time spent in this place.
 C = Inter-level travel time spent in this place.
 D = Time resting spent in this place.
 E = Time spent auto-exploring this place.
 F = Levels seen in this place.
 G = Mean time per level.
                   A        B        C        D        E       F      G
               +--------+--------+--------+--------+--------+-----+--------+
         Total |   3936 |   3825 |    111 |    193 |   3148 |   4 |  984.0 |
       Dungeon |   3936 |   3825 |    111 |    193 |   3148 |   4 |  984.0 |
               +--------+--------+--------+--------+--------+-----+--------+

Top non-repeatable levels by time:
     D:2: 1427 daAuts
     D:3: 1363 daAuts
     D:1: 1081 daAuts
     D:4: 64 daAuts
